 Dungeon Crawl Stone Soup version 0.23.0 (webtiles) character file.

Game seed: 13721699672389204320

5509 Mgcat the Carver (level 10, -3/76 HPs)
             Began as a Gnoll Wanderer on Feb 11, 2019.
             Was an Elder of Dithmenos.
             Slain by an unseen horror (6 damage)
             ... on level 11 of the Dungeon.
             The game lasted 00:24:00 (12661 turns).

Mgcat the Carver (Gnoll Wanderer)                  Turns: 12661, Time: 00:24:01

Health: -3/76      AC: 12    Str: 19    XL:     10   Next: 70%
Magic:  18/18      EV: 11    Int: 12    God:    Dithmenos [****..]
Gold:   673        SH:  0    Dex: 16    Spells: 19/19 levels left

rFire    + . .     SeeInvis .   t - +3 war axe (flame)
rCold    + . .     Gourm    .   (no shield)
rNeg     . . .     Faith    .   s - +0 chain mail
rPois    .         Spirit   .   e - +0 hat
rElec    .         Reflect  .   y - scarf {rC+ rF+}
rCorr    .         Harm     .   d - +1 pair of gloves
MR       +....                  (no boots)
Stlth    ..........             k - amulet of magic regeneration
HPRegen  0.22/turn              j - ring of protection from magic {MR+, !d}
MPRegen  0.41/turn              h - ring of wizardry {Wiz+, !d}

@: wreathed by umbra
A: distributed training, fangs 1, strong nose
a: Shadow Step, Renounce Religion


You were on level 11 of the Dungeon.
You worshipped Dithmenos.
Dithmenos was greatly pleased with you.
You were not hungry.

You visited 1 branch of the dungeon, and saw 11 of its levels.
You also visited: Ossuary.

You collected 673 gold pieces.

Inventory:

Hand Weapons
 t - a +3 war axe of flaming (weapon)
   (You took it off an orc on level 3 of the Dungeon)
Missiles
 m - 2 throwing nets {=f, !d}
Armour
 d - a +1 pair of gloves (worn)
   (You found it on level 2 of the Dungeon)
 e - a +0 hat (worn)
   (You found it on level 3 of the Dungeon)
 s - a +0 chain mail (worn)
   (You took it off an orc warrior on level 6 of the Dungeon)
 y - a scarf of resistance (worn)
   (You found it on level 6 of the Dungeon)
Jewellery
 h - a ring of wizardry (right hand) {Wiz+, !d}
   (You took it off an orc priest on level 5 of the Dungeon)
 j - a ring of protection from magic (left hand) {MR+, !d}
   (You found it on level 7 of the Dungeon)
 k - an amulet of magic regeneration (around neck)
   (You found it on level 4 of the Dungeon)
Wands
 a - a wand of paralysis (10)
Scrolls
 c - 11 scrolls of teleportation
 x - 3 scrolls of amnesia
 A - 3 scrolls of brand weapon
 B - 2 scrolls of remove curse
 C - a scroll of immolation {!r}
 D - a scroll of magic mapping {!r}
 E - a scroll of blinking {!r}
Potions
 b - 3 potions of lignification {!q}
 f - 4 potions of berserk rage {!q}
 g - 2 potions of agility {unknown}
 i - a potion of might
 n - 3 potions of heal wounds
 o - 6 potions of curing
 p - a potion of brilliance {unknown}
 q - 2 potions of magic
 r - 2 potions of haste
 u - 2 potions of flight {unknown}
 v - 2 potions of cancellation {unknown}
 z - a potion of ambrosia {unknown}
Miscellaneous
 w - a fan of gales
   (You found it on level 5 of the Dungeon)
Comestibles
 l - 9 rations


   Skills:
 + Level 6.1 Fighting
 + Level 5.4 Short Blades
 + Level 8.6 Long Blades
 + Level 6.1 Axes
 + Level 5.4 Maces & Flails
 + Level 5.4 Polearms
 + Level 5.4 Staves
 + Level 5.4 Slings
 + Level 5.4 Bows
 + Level 5.4 Crossbows
 + Level 5.4 Throwing
 + Level 6.1 Armour
 + Level 6.1 Dodging
 + Level 6.0 Stealth
 + Level 6.1 Shields
 + Level 5.4 Unarmed Combat
 + Level 5.4 Spellcasting
 + Level 4.4 Conjurations
 + Level 4.4 Hexes
 + Level 4.4 Charms
 + Level 4.4 Summonings
 + Level 4.4 Necromancy
 + Level 4.4 Translocations
 + Level 4.4 Transmutations
 + Level 4.4 Fire Magic
 + Level 4.4 Ice Magic
 + Level 4.4 Air Magic
 + Level 4.4 Earth Magic
 + Level 4.4 Poison Magic
 + Level 6.0 Invocations
 + Level 6.1 Evocations


You had 19 spell levels left.
You didn't know any spells.
Your spell library was empty.

Dungeon Overview and Level Annotations

Branches:
Dungeon (11/15)            Temple (0/1) D:7             Orc (0/2) D:10
   Lair: D:8-11

Altars:
Dithmenos
Fedhas
Kikubaaqudgha
Trog
Wu Jian
Xom
Yredelemnul
The Shining One

Portals:
Gauntlet: D:11

Annotations:
D:5 3 runed translucent doors, exclusion: oklob plant, Noname's ghost, amateur GrIE; emiel's ghost, amateur OpWn; tidbits's ghost, weakling GnSk


Innate Abilities, Weirdness & Mutations

Your experience applies equally to all skills.
You have very sharp teeth.
Your uncanny sense of smell can sniff out nearby items.


Message History

HP restored.
You regained 29 hp, and now have 64/76 hp.
z - a sedimented blue potion You now have 673 gold pieces (gained 9).
You see here a scroll of noise {!r}.
Done exploring.
Health restored: 76 Done exploring.
Done exploring.
Done exploring.
Done exploring.
Done exploring.
(D) Dungeon (T) Temple (O) Orcish Mines
Where to? (Enter - D:10, ? - help)
What level of the Dungeon? (default 1, ? - help)
There is a stone staircase leading down here.
You climb downwards.
You hear a distant snort.
Hark!
There is a gateway to a gauntlet on this level.
Find the entrance quickly before the gate is sealed!
Found a robe.
Found a gate leading to a gauntlet.
Found a stone staircase leading down.
There is a stone staircase leading up here.
Found a stone staircase leading up.
A leopard gecko comes into view.
The leopard gecko hisses angrily.
Something hits you but does no damage.
Deactivating autopickup; reactivate with Ctrl-A.
Something hits you but does no damage. Something hits you.
You take 2 damage, and have 74/76 hp.
Something hits you. x2
Found 30 gold pieces and a scroll of fear.
Found an escape hatch in the floor.
You take 2 damage, and have 72/76 hp.
Something hits you but does no damage. Something hits you.
There is a gate leading to a gauntlet here.
Beware, the minotaur awaits!
You take 4 damage, and have 68/76 hp.
Your chain mail prevents you from hitting the leopard gecko.
Your bite misses the leopard gecko. Something hits you.
Something hits you but does no damage. The leopard gecko misses you.
You take 6 damage, and have 62/76 hp.
You closely miss the leopard gecko. Something hits you but does no damage.
The leopard gecko completely misses you.
The leopard gecko barely misses you.
You slash the leopard gecko! You burn the leopard gecko.
You kill the leopard gecko!
Dithmenos accepts your kill. Something hits you but does no damage.
Something hits you but does no damage. Something hits you but does no damage.
Something hits you but does no damage. Something hits you but does no damage.
Something hits you.
You take 6 damage, and have 58/76 hp.
Something hits you!
You take 8 damage, and have 50/76 hp.
You swing at nothing.
Something hits you. x2
You take 4 damage, and have 46/76 hp.
You closely miss something. Something hits you but does no damage.
Something hits you.
You take 1 damage, and have 45/76 hp.
You swing at nothing.
Something hits you but does no damage. x2
Something hits you.
You take 4 damage, and have 41/76 hp.
You hit something. You burn something. Something hits you but does no damage.
Something hits you.
You take 3 damage, and have 38/76 hp.
You closely miss something. Something hits you but does no damage.
You swing at nothing.
Something hits you but does no damage.
You swing at nothing.
Something hits you.
You take 6 damage, and have 33/76 hp.
You swing at nothing.
Something hits you but does no damage.
You hit something. You burn something. Your bite misses something.
Something hits you but does no damage.
You swing at nothing.
Something hits you.
You take 2 damage, and have 32/76 hp.
You miss something.
Something hits you but does no damage. x2
You hit something. You burn something. Something completely misses you.
You swing at nothing.
Something hits you!
You take 6 damage, and have 26/76 hp.
You miss something. Something hits you.
You take 2 damage, and have 24/76 hp.
You slash something! You burn something. You punch something.
Something hits you.
* * * LOW HITPOINT WARNING * * *
You take 5 damage, and have 19/76 hp.
You swing at nothing.
Something hits you but does no damage. Something hits you.
* * * LOW HITPOINT WARNING * * *
You take 5 damage, and have 14/76 hp.
You hit something but do no damage. Something hits you!
* * * LOW HITPOINT WARNING * * *
Something hits you.
* * * LOW HITPOINT WARNING * * *
You take 11 damage, and have 3/76 hp.
You hit something but do no damage.
Your shadow hits something but does no damage.
Something hits you.
You die...

..>.............
...............#
.[......<.#
..........#
..........#
..........# .
..........# ...
..........######.....
.......†...{@........
.......∩.######......
......<..# .....
.......#.# ....
.#####.#.. ...
.#?)$#.#... ##
.#$>$#.#....
.#[($#.#..###
.#####.#..#


There were no monsters in sight!

Vanquished Creatures
  A gargoyle (D:9)
  A meliai zombie (D:9)
  A hippogriff (D:9)
  2 hungry ghosts (D:8)
  3 wargs (D:10)
  2 sky beasts
  2 orc warriors
  2 black bears (D:7)
  A necrophage (D:7)
  A phantom (D:7)
  5 ice beasts
  8 ogres
  2 centaurs (D:5)
  A big kobold (D:9)
  An elf zombie (Ossuary)
  2 bullfrogs
  2 scorpions
  A wyvern skeleton (D:8)
  6 howler monkeys
  A wight (D:7)
  3 crimson imps
  6 orc priests
  5 jellies
  2 gnoll shamans (D:5)
  3 orc wizards
  9 worker ants
  2 hound skeletons
  3 mummies (Ossuary)
  2 worker ant zombies
  A howler monkey zombie (D:6)
  41 gnolls
  8 adders
  2 shadow imps
  7 oozes
  2 adder skeletons
  An adder zombie (D:5)
  A worm (D:6)
  2 dart slugs
  6 leopard geckos
  31 orcs
  A ball python (D:8)
  3 bats (D:1)
  4 bat zombies (D:5)
  5 giant cockroaches
  7 goblins
  4 hobgoblins
  16 jackals
  10 kobolds
  4 quokkas
  3 frilled lizards
  A giant cockroach zombie (D:6)
  6 goblin zombies (Ossuary)
  3 hobgoblin zombies (Ossuary)
  A jackal skeleton (D:4)
  A jackal zombie (D:5)
  4 kobold zombies (Ossuary)
  A quokka skeleton (D:9)
  3 quokka zombies
  4 rats
  3 rat zombies (Ossuary)
  A plant (D:5)
267 creatures vanquished.

Vanquished Creatures (others)
  A fungus (D:5)
  14 toadstools (D:5)
  3 withered plants (D:5)
18 creatures vanquished.

Grand Total: 285 creatures vanquished

Notes
Turn   | Place    | Note
-------+----------+-------------------------------------------
     0 | D:1      | Mgcat the Gnoll Wanderer began the quest for the Orb.
     0 | D:1      | Mgcat set off with the following items: a wand of paralysis
                  | (15), a potion of lignification {!q}, a scroll of
                  | teleportation, a +0 robe, a +0 club, a ration
     0 | D:1      | Reached XP level 1. HP: 17/17 MP: 2/2
   295 | D:1      | Reached XP level 2. HP: 13/23 MP: 3/3
   299 | D:1      | HP: 5/23 [goblin/+0 club (4)]
   928 | D:1      | Reached XP level 3. HP: 19/28 MP: 4/4
  1857 | D:2      | Noticed an ice beast
  1965 | D:2      | Reached skill level 1 in Invocations
  1973 | D:2      | HP: 5/28 [kobold/+0 dagger of speed (3)]
  1976 | D:2      | HP: 1/28 [kobold/+0 dagger of speed (2)]
  2293 | D:2      | HP: 7/28 [poisoned by an adder]
  2301 | D:2      | HP: 6/28 [poisoned by an adder]
  2512 | D:2      | Reached skill level 1 in Short Blades
  2512 | D:2      | Reached skill level 1 in Maces & Flails
  2512 | D:2      | Reached skill level 1 in Polearms
  2512 | D:2      | Reached skill level 1 in Staves
  2512 | D:2      | Reached skill level 1 in Slings
  2512 | D:2      | Reached skill level 1 in Bows
  2512 | D:2      | Reached skill level 1 in Crossbows
  2512 | D:2      | Reached skill level 1 in Throwing
  2512 | D:2      | Reached skill level 1 in Unarmed Combat
  2512 | D:2      | Reached skill level 1 in Spellcasting
  2739 | D:2      | Killed an ice beast
  2739 | D:2      | Reached skill level 1 in Conjurations
  2739 | D:2      | Reached skill level 1 in Hexes
  2739 | D:2      | Reached skill level 1 in Charms
  2739 | D:2      | Reached skill level 1 in Summonings
  2739 | D:2      | Reached skill level 1 in Necromancy
  2739 | D:2      | Reached skill level 1 in Translocations
  2739 | D:2      | Reached skill level 1 in Transmutations
  2739 | D:2      | Reached skill level 1 in Fire Magic
  2739 | D:2      | Reached skill level 1 in Ice Magic
  2739 | D:2      | Reached skill level 1 in Air Magic
  2739 | D:2      | Reached skill level 1 in Earth Magic
  2739 | D:2      | Reached skill level 1 in Poison Magic
  2739 | D:2      | Reached XP level 4. HP: 32/34 MP: 6/6
  2739 | D:2      | Reached XP level 5. HP: 38/40 MP: 7/7
  2996 | D:3      | Reached skill level 3 in Fighting
  2996 | D:3      | Reached skill level 3 in Axes
  2996 | D:3      | Reached skill level 3 in Armour
  2996 | D:3      | Reached skill level 3 in Dodging
  2996 | D:3      | Reached skill level 3 in Shields
  2996 | D:3      | Reached skill level 3 in Evocations
  3587 | D:4      | Reached skill level 3 in Stealth
  3587 | D:4      | Reached skill level 2 in Invocations
  3587 | D:4      | Reached XP level 6. HP: 47/47 MP: 8/8
  3905 | D:4      | Found a shadowy altar of Dithmenos.
  3951 | D:4      | Became a worshipper of Dithmenos the Shadowed
  4518 | D:5      | Entered Level 5 of the Dungeon
  4518 | D:5      | Found a runed translucent gate.
  4518 | D:5      | Found a runed translucent gate.
  4518 | D:5      | Found a runed translucent gate.
  4518 | D:5      | Noticed Noname's ghost (amateur GrIE)
  4518 | D:5      | Noticed tidbits's ghost (weakling GnSk)
  4521 | D:5      | Noticed emiel's ghost (amateur OpWn)
  4546 | D:5      | Found a shimmering altar of Xom.
  4718 | D:5      | Noticed an ice beast
  4728 | D:5      | HP: 11/47 [ice beast (12)]
  4734 | D:5      | Killed an ice beast
  4734 | D:5      | Reached skill level 2 in Short Blades
  4734 | D:5      | Reached skill level 2 in Maces & Flails
  4734 | D:5      | Reached skill level 2 in Polearms
  4734 | D:5      | Reached skill level 2 in Staves
  4734 | D:5      | Reached skill level 2 in Slings
  4734 | D:5      | Reached skill level 2 in Bows
  4734 | D:5      | Reached skill level 2 in Crossbows
  4734 | D:5      | Reached skill level 2 in Throwing
  4734 | D:5      | Reached skill level 2 in Unarmed Combat
  4734 | D:5      | Reached skill level 2 in Spellcasting
  4736 | D:5      | Reached XP level 7. HP: 19/52 MP: 8/10
  5060 | D:4      | Reached skill level 7 in Long Blades
  5284 | D:5      | Reached skill level 2 in Conjurations
  5284 | D:5      | Reached skill level 2 in Hexes
  5284 | D:5      | Reached skill level 2 in Charms
  5284 | D:5      | Reached skill level 2 in Summonings
  5284 | D:5      | Reached skill level 2 in Necromancy
  5284 | D:5      | Reached skill level 2 in Translocations
  5284 | D:5      | Reached skill level 2 in Transmutations
  5284 | D:5      | Reached skill level 2 in Fire Magic
  5284 | D:5      | Reached skill level 2 in Ice Magic
  5284 | D:5      | Reached skill level 2 in Air Magic
  5284 | D:5      | Reached skill level 2 in Earth Magic
  5284 | D:5      | Reached skill level 2 in Poison Magic
  5509 | D:5      | Reached * piety under Dithmenos
  5537 | D:5      | Got a topaz-encrusted leather armour
  5548 | D:5      | Identified the cursed +0 leather armour "Ymiamov" {rF+ rN+}
                  | (You found it on level 5 of the Dungeon)
  5714 | D:5      | Found an ancient bone altar of Kikubaaqudgha.
  5792 | D:5      | Found a blossoming altar of Fedhas.
  5808 | D:5      | Noticed an oklob plant
  6069 | D:5      | Reached skill level 3 in Invocations
  6090 | D:5      | HP: 13/53 [gnoll/+0 club (3)]
  6343 | D:5      | Reached XP level 8. HP: 60/60 MP: 12/12
  6420 | D:5      | HP: 12/60 [gnoll (4)]
  6591 | D:5      | Reached skill level 4 in Fighting
  6591 | D:5      | Reached skill level 4 in Axes
  6591 | D:5      | Reached skill level 4 in Armour
  6591 | D:5      | Reached skill level 4 in Dodging
  6591 | D:5      | Reached skill level 4 in Shields
  6591 | D:5      | Reached skill level 4 in Evocations
  6646 | D:5      | Reached skill level 3 in Short Blades
  6646 | D:5      | Reached skill level 3 in Maces & Flails
  6646 | D:5      | Reached skill level 3 in Polearms
  6646 | D:5      | Reached skill level 3 in Staves
  6646 | D:5      | Reached skill level 3 in Slings
  6646 | D:5      | Reached skill level 3 in Bows
  6646 | D:5      | Reached skill level 3 in Crossbows
  6646 | D:5      | Reached skill level 3 in Throwing
  6646 | D:5      | Reached skill level 3 in Unarmed Combat
  6646 | D:5      | Reached skill level 3 in Spellcasting
  7127 | D:5      | Reached skill level 4 in Stealth
  7176 | D:5      | Reached ** piety under Dithmenos
  7600 | D:6      | Reached skill level 4 in Invocations
  7601 | D:6      | Reached skill level 3 in Conjurations
  7601 | D:6      | Reached skill level 3 in Hexes
  7601 | D:6      | Reached skill level 3 in Charms
  7601 | D:6      | Reached skill level 3 in Summonings
  7601 | D:6      | Reached skill level 3 in Necromancy
  7601 | D:6      | Reached skill level 3 in Translocations
  7601 | D:6      | Reached skill level 3 in Transmutations
  7601 | D:6      | Reached skill level 3 in Fire Magic
  7601 | D:6      | Reached skill level 3 in Ice Magic
  7601 | D:6      | Reached skill level 3 in Air Magic
  7601 | D:6      | Reached skill level 3 in Earth Magic
  7601 | D:6      | Reached skill level 3 in Poison Magic
  7774 | D:6      | Found a bloodstained altar of Trog.
  7839 | D:6      | Reached XP level 9. HP: 66/66 MP: 14/14
  8542 | D:7      | Reached skill level 4 in Short Blades
  8542 | D:7      | Reached skill level 4 in Maces & Flails
  8542 | D:7      | Reached skill level 4 in Polearms
  8542 | D:7      | Reached skill level 4 in Staves
  8542 | D:7      | Reached skill level 4 in Slings
  8542 | D:7      | Reached skill level 4 in Bows
  8542 | D:7      | Reached skill level 4 in Crossbows
  8542 | D:7      | Reached skill level 4 in Throwing
  8542 | D:7      | Reached skill level 4 in Unarmed Combat
  8542 | D:7      | Reached skill level 4 in Spellcasting
  8853 | D:7      | Found a staircase to the Ecumenical Temple.
  8879 | D:7      | Found a glowing golden altar of the Shining One.
  9008 | D:7      | Reached skill level 5 in Fighting
  9008 | D:7      | Reached skill level 5 in Axes
  9008 | D:7      | Reached skill level 5 in Armour
  9008 | D:7      | Reached skill level 5 in Dodging
  9008 | D:7      | Reached skill level 5 in Shields
  9008 | D:7      | Reached skill level 5 in Evocations
  9151 | D:7      | Found a basalt altar of Yredelemnul.
  9157 | D:7      | Noticed an angel
  9247 | D:8      | Reached skill level 5 in Stealth
  9267 | D:8      | Reached *** piety under Dithmenos
  9290 | D:8      | Reached skill level 8 in Long Blades
  9389 | D:8      | Found a sand-covered staircase.
  9405 | Ossuary  | Entered an ossuary
  9916 | D:8      | Reached skill level 5 in Invocations
 10063 | D:8      | Reached XP level 10. HP: 57/74 MP: 17/17
 10379 | D:8      | Reached **** piety under Dithmenos
 10391 | D:8      | Reached skill level 4 in Conjurations
 10391 | D:8      | Reached skill level 4 in Hexes
 10391 | D:8      | Reached skill level 4 in Charms
 10391 | D:8      | Reached skill level 4 in Summonings
 10391 | D:8      | Reached skill level 4 in Necromancy
 10391 | D:8      | Reached skill level 4 in Translocations
 10391 | D:8      | Reached skill level 4 in Transmutations
 10391 | D:8      | Reached skill level 4 in Fire Magic
 10391 | D:8      | Reached skill level 4 in Ice Magic
 10391 | D:8      | Reached skill level 4 in Air Magic
 10391 | D:8      | Reached skill level 4 in Earth Magic
 10391 | D:8      | Reached skill level 4 in Poison Magic
 10726 | D:9      | Found an ornate altar of the Wu Jian Council.
 10845 | D:9      | Reached skill level 5 in Short Blades
 10845 | D:9      | Reached skill level 5 in Maces & Flails
 10845 | D:9      | Reached skill level 5 in Polearms
 10845 | D:9      | Reached skill level 5 in Staves
 10845 | D:9      | Reached skill level 5 in Slings
 10845 | D:9      | Reached skill level 5 in Bows
 10845 | D:9      | Reached skill level 5 in Crossbows
 10845 | D:9      | Reached skill level 5 in Throwing
 10845 | D:9      | Reached skill level 5 in Unarmed Combat
 10845 | D:9      | Reached skill level 5 in Spellcasting
 11200 | D:9      | Noticed a gargoyle
 11209 | D:9      | Killed a gargoyle
 11626 | D:10     | Entered Level 10 of the Dungeon
 11771 | D:10     | HP: 14/76 [orc warrior/+0 trident (19)]
 11772 | D:10     | Reached skill level 6 in Fighting
 11772 | D:10     | Reached skill level 6 in Axes
 11772 | D:10     | Reached skill level 6 in Armour
 11772 | D:10     | Reached skill level 6 in Dodging
 11772 | D:10     | Reached skill level 6 in Shields
 11772 | D:10     | Reached skill level 6 in Evocations
 12393 | D:10     | Found a staircase to the Orcish Mines.
 12402 | D:10     | Reached skill level 6 in Stealth
 12402 | D:10     | Reached skill level 6 in Invocations
 12626 | D:11     | Found a gate leading to a gauntlet.
 12658 | D:11     | HP: 19/76 [something (5)]
 12660 | D:11     | HP: 7/76 [something (8)]
 12660 | D:11     | HP: 3/76 [something (4)]
 12661 | D:11     | Slain by an unseen horror

Skill      XL: |  1  2  3  4  5  6  7  8  9 10 |
---------------+-------------------------------+-----
Invocations    | 1 2 3 4 5 6 |  6.0
Short Blades   | 1 2 3 4 5 |  5.4
Maces & Flails | 1 2 3 4 5 |  5.4
Polearms       | 1 2 3 4 5 |  5.4
Staves         | 1 2 3 4 5 |  5.4
Slings         | 1 2 3 4 5 |  5.4
Bows           | 1 2 3 4 5 |  5.4
Crossbows      | 1 2 3 4 5 |  5.4
Throwing       | 1 2 3 4 5 |  5.4
Unarmed Combat | 1 2 3 4 5 |  5.4
Spellcasting   | 1 2 3 4 5 |  5.4
Conjurations   | 1 2 3 4 |  4.4
Hexes          | 1 2 3 4 |  4.4
Charms         | 1 2 3 4 |  4.4
Summonings     | 1 2 3 4 |  4.4
Necromancy     | 1 2 3 4 |  4.4
Translocations | 1 2 3 4 |  4.4
Transmutations | 1 2 3 4 |  4.4
Fire Magic     | 1 2 3 4 |  4.4
Ice Magic      | 1 2 3 4 |  4.4
Air Magic      | 1 2 3 4 |  4.4
Earth Magic    | 1 2 3 4 |  4.4
Poison Magic   | 1 2 3 4 |  4.4
Fighting       | 3 4 5 6 |  6.1
Axes           | 3 4 5 6 |  6.1
Armour         | 3 4 5 6 |  6.1
Dodging        | 3 4 5 6 |  6.1
Shields        | 3 4 5 6 |  6.1
Evocations     | 3 4 5 6 |  6.1
Stealth        | 3 4 5 6 |  6.0
Long Blades    | 7 8 |  8.6

Action                   |  1- 3 |  4- 6 |  7- 9 | 10-12 || total
-------------------------+-------+-------+-------+-------++-------
Melee: Club              |   113 |       |       |       ||   113
       Bite              |    31 |     5 |    60 |    18 ||   114
       Dagger            |    79 |     4 |       |       ||    83
       War axe           |       |    60 |   422 |   174 ||   656
       Punch             |       |       |     6 |     5 ||    11
Invok: Shadow Step       |       |       |       |     1 ||     1
Evoke: Wand              |     3 |     1 |     1 |       ||     5
  Use: Scroll            |       |    11 |    10 |     3 ||    24
       Potion            |       |     2 |     1 |       ||     3
 Stab: Sleeping          |     4 |     2 |     5 |       ||    11
       Paralysed         |     2 |     2 |     3 |       ||     7
  Eat: Chunk             |     3 |     2 |    16 |    10 ||    31
       Ration            |     1 |     1 |     2 |       ||     4
Armor: Robe              |    19 |     2 |       |       ||    21
       Scale mail        |       |    19 |    42 |       ||    61
       Leather armour    |       |       |    32 |       ||    32
       Chain mail        |       |       |    65 |   112 ||   177
Dodge: Dodged            |   125 |    51 |   293 |   108 ||   577

Levels and vault maps discovered:
D:1:      eino_arrival_tree_alley, layout_basic
D:2:      layout_loops_cross
D:3:      layout_basic
D:4:      layout_basic, nicolae_dithmenos_the_darkroom
D:5:      lemuel_castle_with_subvaults [lemuel_castle_interior_carwin_1],
          layout_loops_cross, tgw_fedhas, lemuel_zombie_altar_kikubaaqudgha,
          serial_bayou, serial_bayou_pond_c, serial_bayou_lagoon_a,
          serial_bayou_shore_a, serial_bayou_pond_e, serial_bayou_pond_e,
          basic_altar, first_ration, gammafunk_ghost_cemetery
D:6:      layout_loops_ring, kennysheep_mini
D:7:      minmay_cornered_nines, layout_loops_corners,
          grunt_temple_overflow_holy_war, minmay_temple_entry_enclosed_plants
D:8:      layout_loops_corners, enter_ossuary_4, hangedman_little_slice_of_home
D:9:      layout_stronghold, lemuel_crystal_altar
D:10:     layout_rooms, minmay_orc_entry_guard_dogs
D:11:     regret_index_bee_streams, layout_long_grid, lair_entry_dummy,
          gauntlet_entry_generic, nicolae_straight_to_the_point
Ossuary:  ossuary_minmay_chase

Table legend:
 A = Turns spent in this place as a percentage of turns spent in the entire game.
 B = Non-inter-level travel turns spent in this place as a percentage of non-inter-level travel turns spent in the entire game.
 C = Inter-level travel turns spent in this place as a percentage of turns spent in this place.
 D = Turns resting spent in this place as a percentage of non-inter-level travel turns spent in this place.
 E = Turns spent auto-exploring this place as a percentage of non-inter-level travel turns spent in this place.
 F = Non-inter-level travel turns spent in this place divided by the number of levels of this place that you've seen.
                   A       B       C       D       E      F
               +-------+-------+-------+-------+-------+----------------------
         Total | 100.0 | 100.0 |   7.0 |  17.4 |  65.1 | 981.7
       Dungeon |  98.2 |  98.0 |   7.1 |  16.9 |  66.1 | 1049.7
       Ossuary |   1.8 |   2.0 |   0.0 |  42.5 |  15.5 | 233.0
               +-------+-------+-------+-------+-------+----------------------

Table legend:
 A = Kills in this place as a percentage of kills in entire the game.
 B = Kills by you in this place as a percentage of kills by you in the entire game.
 C = Kills by friends in this place as a percentage of kills by friends in the entire game.
 D = Other kills in this place as a percentage of other kills in the entire game.
 E = Experience gained in this place as a percentage of experience gained in the entire game.
 F = Experience gained in this place divided by the number of levels of this place that you have seen.
                   A       B       C       D       E      F
               +-------+-------+-------+-------+-------+----------------------
         Total | 100.0 | 100.0 |   N/A |   N/A | 100.0 | 655.9
       Dungeon |  92.1 |  92.1 |   N/A |   N/A |  97.8 | 700.0
       Ossuary |   7.9 |   7.9 |   N/A |   N/A |   2.2 | 171.0
               +-------+-------+-------+-------+-------+----------------------
